 Dungeon Crawl Stone Soup version 0.29.1-12-g30fa7ad0bf (webtiles) character file.

Game seed: 5394848469515954874

1797 soggyman666 the Thaumaturge (level 9, -3/55 HPs)
             Began as a Djinni Fire Elementalist on Dec 17, 2022.
             Was an Initiate of Ashenzari.
             Slain by a necrophage (5 damage)
             ... on level 5 of the Dungeon.
             The game lasted 00:24:25 (9256 turns).

soggyman666 the Thaumaturge (DjFE)                  Turns: 9256, Time: 00:24:25

Health: -3/55      AC:  3    Str: 23    XL:     9   Next: 30%
Gold:   264        EV: 16    Int: 19    God:    Ashenzari [......] SH:  0 Dex: 14

rFire   + + .      SeeInvis +   t - +9 spear of the Iron City of Dis {holy, Str+8 Stlth+}
rCold   x . .      Faith    +   (no shield)
rNeg    . . .      Spirit   .   a - +0 robe
rPois   ∞          Reflect  .   (helmet restricted)
rElec   .          Harm     .   l - +1 cloak "Keedifem" {rPois Str+4 SInv}
rCorr   .          Rampage  .   (no gloves)
Will    .....                   (boots unavailable)
Stlth   +++++.....              d - amulet "Ruined Inaction" {Faith, Self, Cun} (curse)
HPRegen 0.18/turn               (no ring)
MPRegen 0.00/turn               (no ring)

@: flying
A: sickness immunity, fire resistance 2, cold vulnerability 1, float, innate
caster, HP casting, extra vitality 1, horns 1, deformed body, strong 1
a: Renounce Religion, Curse Item, Shatter the Chains


You were on level 5 of the Dungeon.
You worshipped Ashenzari.
Ashenzari was noncommittal.
You visited 2 branches of the dungeon, and saw 7 of its levels.
You also visited: Sewer.

You collected 264 gold pieces.

Inventory:

Hand Weapons
 t - the +9 spear of the Iron City of Dis (weapon) {holy, Str+8 Stlth+}
   (You took it off a hobgoblin on level 4 of the Dungeon)

   It has been blessed by the Shining One to cause great damage to the undead
   and demons.
   Str:       It affects your strength (+8).
   Stlth:     It makes you more stealthy.
Missiles
 b - a throwing net
Armour
 a - a +0 robe (worn)
 l - the +1 cloak "Keedifem" (worn) {rPois Str+4 SInv}
   (You found it on level 2 of the Dungeon)

   Str:       It affects your strength (+4).
   rPois:     It protects you from poison.
   SInv:      It lets you see invisible.
Jewellery
 d - the cursed amulet "Ruined Inaction" (around neck) {Faith, Self, Cun}
   (You found it on level 1 of the Dungeon)

   [amulet of faith]

   It allows you to gain divine favour quickly.
   It has a curse which improves the following skills: Introspection: Fighting
   and Spellcasting.
   Cunning:   Dodging and Stealth.
Scrolls
 e - 2 scrolls of butterflies
 f - a scroll of summoning {unknown}
 j - a scroll of fear {unknown}
 k - a scroll of immolation {unknown}
 o - a scroll of enchant armour {unknown}
 q - 3 scrolls of enchant weapon
 r - 2 scrolls of poison
Potions
 c - 2 potions of brilliance
 h - a potion of haste {unknown}
 i - a potion of attraction {unknown}
 m - a potion of cancellation {unknown}
 n - a potion of resistance {unknown}
 p - a potion of curing
 s - a potion of heal wounds {unknown}
 u - a potion of invisibility


   Skills:
 * Level 8.4(8.9) Dodging
 * Level 7.2(7.6) Stealth
 + Level 8.7(9.2) Spellcasting


You had 3 spell levels left.
You knew the following spells:

 Your Spells              Type           Power      Damage    Failure   Level
a - Foxfire               Conj/Fire      100%       2x1d9     1%          1
b - Scorch                Fire           86%        2d9       1%          2
c - Conjure Flame         Conj/Fire      43%        6-21      1%          3
d - Inner Flame           Hex/Fire       43%        N/A       1%          3
e - Flame Wave            Conj/Fire      43%        2d11      1%          4
f - Apportation           Tloc           86%        N/A       1%          1
g - Passwall              Tmut/Erth      35%        N/A       1%          2
h - Swiftness             Air            43%        N/A       1%          3
i - Cause Fear            Hex            21%        N/A       1%          4
Your spell library was empty.

Dungeon Overview and Level Annotations

Branches:
Dungeon (6/15)             Temple (1/1) D:4           Sewer (visited)

Altars:
Ashenzari
Cheibriados
Dithmenos
Fedhas
Gozag
Hepliaklqana
Makhleb
Nemelex Xobeh
Okawaru
Ru
Wu Jian
Xom
Yredelemnul
Zin

Shops:
D:1 :

Annotations:
D:6 Eustachio


Innate Abilities, Weirdness & Mutations

You are immune to sickness and miasma.
You are immune to poison.
Your flesh is very heat resistant. (rF++)
You are vulnerable to cold. (rC-)
You float through the air rather than walking.
You learn spells naturally, not from books.
Your magical power is your life essence.
You have superior vitality. (+4 MHP)
You have a pair of small horns on your head.
Armour fits poorly on your strangely shaped body.
Your muscles are strong. (Str +4, Int/Dex -1)


Message History

Casting: Cause Fear (dangerous; 1% risk of failure)
Press: ? - help, Dir - look around, f - activate The orc looks frightened! x2
* * * LOW HITPOINT WARNING * * *
The orc gives up.
An ufetubus comes into view.
A hound comes into view.
Casting: Cause Fear (dangerous; 1% risk of failure)
Confirm with . or Enter, or press ? or * to list all spells.
You don't know that spell.
Unknown command.
Casting: Cause Fear (dangerous; 1% risk of failure)
Confirm with . or Enter, or press ? or * to list all spells.
Casting: Cause Fear (dangerous; 1% risk of failure)
Press: ? - help, Dir - look around, f - activate The hound looks frightened!
The ufetubus looks frightened!
* * * LOW HITPOINT WARNING * * *
A necrophage comes into view.
The necrophage barely misses you. The orc completely misses you.
The necrophage closely misses you.
There is a stone staircase leading up here.
Things that are here:
a +0 war axe; a +0 robe; a potion of curing The orc closely misses you.
The necrophage hits you.
* * * LOW HITPOINT WARNING * * *
You fly upwards.
There is a stone staircase leading down here.
Casting: Cause Fear (dangerous; 1% risk of failure)
Confirm with . or Enter, or press ? or * to list all spells.
Casting: Cause Fear (dangerous; 1% risk of failure)
Press: ? - help, Dir - look around, f - activate The necrophage is unaffected.
The orc looks frightened!
* * * LOW HITPOINT WARNING * * *
The necrophage barely misses you.
Casting: Cause Fear (dangerous; 1% risk of failure)
Confirm with . or Enter, or press ? or * to list all spells.
You don't have enough health to cast this spell.
The necrophage attacks as you move away!
The necrophage hits you.
You die...

......####..##....#......##..#..#
.#..### #..####.#.##.....#......#
.##.## #....##(####.............
#....## ##......# ##..##...####.#
......####......# #...##.........
.......##....#o####....#........#
.......[....##.##.......#....#..#
......#.................##......#
.....)#........n@....#..##....###
......##.........(...#..###......
.....................#...........
.......................#....##...
....................##.#...###.##
##.#.........<.....###....####.##
.###.......###..##.###..#.##....#
###..#.##..####.##.##..##......##
####..##...##......#..>.##...###


You could see a necrophage and an orc (fleeing).

Vanquished Creatures
  The ghost of kingsuperguy the Cudgeller, an amateur MiBe of Trog (D:3)
  A water moccasin (D:5)
  An ogre (D:5)
  Blork the orc (D:6)
  3 scorpions
  4 hounds
  A jelly (D:4)
  4 iguanas
  2 orc wizards
  3 gnolls (D:4)
  5 river rats (Sewer)
  13 adders
  4 worms
  2 dart slugs
  16 orcs
  7 ball pythons
  10 endoplasms
  5 giant cockroaches
  5 goblins
  9 hobgoblins
  6 jackals
  7 quokkas
  6 bats
  4 frilled lizards
  14 kobolds
  8 rats
142 creatures vanquished.

Vanquished Creatures (collateral kills)
  8 foxfires (Sewer)
8 creatures vanquished.

Vanquished Creatures (others)
  474 foxfires
  11 plants (Sewer)
485 creatures vanquished.

Grand Total: 635 creatures vanquished

Notes
Turn   | Place    | Note
-------+----------+-------------------------------------------
     0 | D:1      | soggyman666 the Djinni Fire Elementalist began the quest
                  | for the Orb.
     0 | D:1      | soggyman666 set off with the following spells memorised:
                  | Foxfire, Scorch, Conjure Flame, Inner Flame, Flame Wave.
     0 | D:1      | Reached XP level 1. HP: 15/15 MP: 0/0
   479 | D:1      | Reached XP level 2. HP: 11/21 MP: 0/0
   624 | D:1      | Found Qadeu's Book Emporium.
  1402 | D:1      | Reached XP level 3. HP: 23/25 MP: 0/0
  1402 | D:1      | Learned a level 1 spell: Apportation
  1592 | D:1      | Found a faded altar of an unknown god.
  2229 | D:2      | Found a basalt altar of Yredelemnul.
  3250 | D:2      | Identified the +1 cloak "Keedifem" {rPois Str+4 SInv}
  3525 | D:3      | Reached XP level 4. HP: 25/31 MP: 0/0
  3614 | D:3      | Found a glowing drain.
  3662 | Sewer    | Entered a sewer
  3998 | Sewer    | Reached XP level 5. HP: 31/35 MP: 0/0
  3998 | Sewer    | Learned a level 2 spell: Passwall
  4827 | Sewer    | Reached XP level 6. HP: 37/40 MP: 0/0
  4973 | D:3      | Noticed kingsuperguy's ghost (amateur MiBe)
  4976 | D:3      | Found a runed translucent door.
  6387 | D:3      | HP: 2/40 [kingsuperguy's ghost (8)]
  6388 | D:3      | Killed kingsuperguy's ghost
  6389 | D:3      | Reached skill level 5 in Spellcasting
  6389 | D:3      | Reached XP level 7. HP: 3/45 MP: 0/0
  6389 | D:3      | Learned a level 3 spell: Swiftness
  6731 | D:3      | Gained mutation: Your muscles are strong. (Str +4, Int/Dex
                  | -1) [potion of mutation]
  6731 | D:3      | Gained mutation: Armour fits poorly on your strangely
                  | shaped body. [potion of mutation]
  6731 | D:3      | Gained mutation: You have a pair of small horns on your
                  | head. [potion of mutation]
  6752 | D:4      | Found a staircase to the Ecumenical Temple.
  6791 | Temple   | Entered the Ecumenical Temple
  6891 | Temple   | Became a worshipper of Ashenzari the Shackled
  7095 | D:4      | Identified the +4 lajatang "Heudaust" {vorpal, rF+ rCorr
                  | Str+4 Dex-2}
  7536 | D:4      | Found an iron altar of Okawaru.
  7670 | D:4      | Identified the +9 spear of the Iron City of Dis {holy,
                  | Str+8 Stlth+}
  8113 | D:4      | Reached XP level 8. HP: 50/50 MP: 0/0
  8153 | D:5      | Entered Level 5 of the Dungeon
  8347 | D:5      | Found a sparkling altar of Nemelex Xobeh.
  8476 | D:5      | Reached XP level 9. HP: 49/55 MP: 0/0
  8476 | D:5      | Learned a level 4 spell: Cause Fear
  9078 | D:6      | Noticed Eustachio
  9226 | D:6      | Noticed Blork the orc
  9233 | D:6      | Killed Blork the orc
  9256 | D:5      | Slain by a necrophage

Illustrated notes

Levels and vault maps discovered:
D:1:      amcnicky_arrival_gap_in_the_tavern_cellar, layout_basic, serial_shops,
          shop, ebering_ecumenical_altar_rust, minmay_misc_feat_plants,
          minmay_crystal_water
D:2:      layout_basic, basic_altar, mrwooster_statue_mirror,
          kennysheep_generic_room_13
D:3:      layout_loops_corners, nicolae_overflow_hidden_temple,
          gup_sewer_entry_bubbles, hellmonk_ghost_happy_afterlife,
          ebering_dispersal_statue_hall
D:4:      layout_gridville, okawaru_ov_weapons_minmay,
          minmay_temple_entry_sparse_star
D:5:      layout_cave_pools, mainiacjoe_overflow_small_starburst,
          hangedman_abyss_or_decor_passed, kennysheep_path_1
D:6:      layout_cave_pools, lemuel_round_altar, grunt_temple_overflow_open,
          minmay_circle_x, uniq_blork_the_orc, uniq_eustachio
Temple:   oiseaux_autumnal_temple

Skill      XL: |  1  2  3  4  5  6  7 |
---------------+----------------------+-----
Spellcasting   | 3 4 5 8 |  8.7
Stealth        | 2 7 |  7.2
Dodging        | 8 |  8.4

Action                   |  1- 3 |  4- 6 |  7- 9 || total
-------------------------+-------+-------+-------++-------
Melee: Unarmed           |       |    12 |       ||    12
       Punch             |       |     1 |       ||     1
 Cast: Foxfire           |   105 |    62 |   109 ||   276
       Scorch            |     7 |    28 |    24 ||    59
       Inner Flame       |     2 |     4 |    13 ||    19
       Conjure Flame     |       |     3 |       ||     3
       Swiftness         |       |       |     1 ||     1
       Cause Fear        |       |       |     5 ||     5
Invok: Curse Item        |       |       |     1 ||     1
  Use: Scroll            |     6 |     1 |     7 ||    14
       Potion            |       |       |     2 ||     2
Armor: Robe              |     1 |     1 |       ||     2
Dodge: Dodged            |     3 |     5 |    15 ||    23
